 Dungeon Crawl Stone Soup version 0.28.0-43-g3370ac3207 (webtiles) character file.

Game seed: 690915829717055477

263 pkoi the Ducker (level 5, 0/45 HPs)
             Began as a Demigod Gladiator on Mar 29, 2022.
             Killed from afar by an orc wizard (8 damage)
             ... with a magic dart
             ... on level 4 of the Dungeon.
             The game lasted 00:07:00 (5395 turns).

pkoi the Ducker (Demigod Gladiator)                 Turns: 5395, Time: 00:07:01

Health: 0/45       AC:  6    Str: 19    XL:     5   Next: 65%
Magic:  9/9        EV: 13    Int: 10    God:
Gold:   141        SH:  0    Dex: 15    Spells: 4/6 levels left

rFire   . . .      SeeInvis .   d - +1 whip
rCold   . . .      Faith    .   (no shield)
rNeg    . . .      Spirit   .   a - +0 leather armour
rPois   .          Reflect  .   b - +0 helmet
rElec   .          Harm     .   (no cloak)
rCorr   +          Rampage  .   m - +1 pair of gloves
Will    .....                   (no boots)
Stlth   +.........              (no amulet)
HPRegen 0.15/turn               h - ring of resist corrosion
MPRegen 0.11/turn               (no ring)

@: no status effects
A: high MP 1, forlorn, divine attributes
a: no special abilities


You were on level 4 of the Dungeon.
You visited 1 branch of the dungeon, and saw 4 of its levels.

You collected 141 gold pieces.

Inventory:

Hand Weapons
 d - a +1 whip (weapon)
Missiles
 c - a throwing net (quivered)
 k - 3 atropa-tipped darts
 n - 8 poisoned darts
Armour
 a - a +0 leather armour (worn)
 b - a +0 helmet (worn)
 m - a +1 pair of gloves (worn)
Jewellery
 f - a ring of protection from cold
 g - a +4 ring of protection
 h - a ring of resist corrosion (left hand)
Scrolls
 i - a scroll of fear
 l - a scroll of identify
Potions
 e - a potion of mutation
 j - a potion of heal wounds
 o - a potion of might


   Skills:
 + Level 3.2 Fighting
 - Level 1.8 Throwing
 + Level 3.9 Dodging
 + Level 3.8 Unarmed Combat
 + Level 1.2 Spellcasting
 + Level 1.3 Transmutations


You had 4 spell levels left.
You knew the following spells:

 Your Spells              Type           Power      Damage    Failure   Level
a - Wereblood             Tmut           3%         N/A       34%         2

Your spell library contained the following spells:

 Spells                   Type           Power      Damage    Failure   Level
 Sublimation of Blood     Necr           0%         N/A       52%         2
 Summon Hydra             Summ           0%         N/A       100%        7


Dungeon Overview and Level Annotations

Branches:
Dungeon (4/15)
 Temple: D:4-7

Shops:
D:1 =   D:2 ?!


Innate Abilities, Weirdness & Mutations

You have an increased reservoir of magic. (+10% MP)
You shall have no god before yourself.
Your divine heritage dramatically boosts your attributes as you level up.


Message History

The orc wizard points at you and mumbles some strange words.
The magic dart hits you.
* * * LOW HITPOINT WARNING * * *
You hit the orc wizard but do no damage.
The orc wizard is lightly wounded.
The orc wizard barely misses you.
The orc wizard hits you but does no damage.
You barely miss the orc wizard.
The orc wizard is lightly wounded.
The orc wizard completely misses you.
You hit the orc wizard.
The orc wizard is lightly wounded.
The orc wizard points at you and mumbles some strange words.
The puff of flame hits you!
* * * LOW HITPOINT WARNING * * *
You barely miss the orc wizard.
The orc wizard is lightly wounded.
The orc wizard closely misses you.
You hit the orc wizard.
The orc wizard is lightly wounded.
The orc wizard barely misses you.
You hit the orc wizard.
The orc wizard is moderately wounded.
The orc wizard gestures at you while chanting.
The magic dart hits you!
* * * LOW HITPOINT WARNING * * *
You hit the orc wizard but do no damage.
The orc wizard is moderately wounded.
The orc wizard misses you.
You closely miss the orc wizard.
The orc wizard is moderately wounded.
The orc wizard gestures at you while chanting.
The magic dart hits you!
* * * LOW HITPOINT WARNING * * *
You hit the orc wizard.
The orc wizard is heavily wounded.
The orc wizard hits you but does no damage.
The orc wizard gestures at you while chanting.
The magic dart hits you!
You die...

...#. ##.. .... ........#
... .?.... ..J. .... #..
...... #.....##..###.#
#......
#..........##.###.......
#...##.....##>.#........
..........#............
#........o............
#######...##<@....#........#
#....#..........####.......#
#<...##.(....#### (.......#
#.....#.......###..........#
##.#.).........#............
####...................##..
#.#........#.....#.## #
###.......##........
##......# ..


You could see an orc wizard and an endoplasm.

Vanquished Creatures
  A kobold brigand (D:4)
  A hound (D:3)
  An orc priest (D:3)
  An iguana (D:3)
  A gnoll (D:1)
  3 adders
  3 dart slugs
  5 orcs
  4 ball pythons
  4 bats
  8 endoplasms
  4 giant cockroaches
  6 goblins
  7 hobgoblins
  4 jackals (D:2)
  4 frilled lizards (D:1)
  4 kobolds
  3 rats
64 creatures vanquished.

Vanquished Creatures (others)
  A plant (D:2)
1 creature vanquished.

Grand Total: 65 creatures vanquished

Notes
Turn   | Place    | Note
-------+----------+-------------------------------------------
     0 | D:1      | pkoi the Demigod Gladiator began the quest for the Orb.
     0 | D:1      | Reached XP level 1. HP: 17/17 MP: 3/3
   291 | D:1      | Reached XP level 2. HP: 16/24 MP: 4/4
  1436 | D:1      | Reached XP level 3. HP: 30/30 MP: 5/5
  1439 | D:1      | Found Jairu's Jewellery Emporium.
  1780 | D:2      | Found Yrehigu's Distillery.
  2552 | D:2      | Found Zuwkel's Magic Scroll Shoppe.
  3100 | D:3      | Reached XP level 4. HP: 34/37 MP: 6/6
  3103 | D:3      | Learned a level 2 spell: Wereblood
  3748 | D:4      | Noticed a kobold brigand
  5278 | D:4      | Killed a kobold brigand
  5279 | D:4      | Reached skill level 1 in Spellcasting
  5279 | D:4      | Reached skill level 1 in Transmutations
  5279 | D:4      | Reached XP level 5. HP: 38/45 MP: 7/9
  5395 | D:4      | Killed from afar by an orc wizard

Illustrated notes

Levels and vault maps discovered:
D:1:      nzn_arrival_depleted_hourglass, layout_basic, serial_shops, shop,
          minmay_indecisive_spiral
D:2:      wad_river_or_something, layout_rooms, basic_altar, serial_shops,
          nicolae_lakefront_shop, nicolae_shop_statue_plus,
          shapermc_ecumenical_altar_acropolis
D:3:      layout_loops_ring, general_overflow_altar,
          mainiacjoe_overflow_alcove_1
D:4:      layout_cave_pools, uniq_natasha

Skill      XL: |  1  2  3  4 |
---------------+-------------+-----
Fighting       | 2 3 |  3.2
Dodging        | 3 |  3.9
Unarmed Combat | 3 |  3.8
Spellcasting   | 1 |  1.2
Transmutations | 1 |  1.3
Throwing       | |  1.8

Action                   |  1- 3 |  4- 6 || total
-------------------------+-------+-------++-------
Melee: Unarmed           |    11 |       ||    11
       Whip              |   184 |   131 ||   315
       Punch             |     3 |     2 ||     5
Throw: Dart              |       |     6 ||     6
       Throwing net      |       |     3 ||     3
  Use: Scroll            |     6 |     5 ||    11
 Stab: Sleeping          |     1 |       ||     1
       Held in net/web   |       |     3 ||     3
Armor: Leather armour    |    65 |    40 ||   105
Dodge: Dodged            |   141 |    86 ||   227
